Map: Rooftop Terrace

Players

ioz

  • Race: Terran Terran
  • Spawn Location: 12:00

Amix

  • Race: Zerg Zerg
  • League: Platinum
  • Spawn Location: 11:00

KatDrop

  • Race: Terran Terran
  • Spawn Location: 12:00

FUZI

  • Race: Terran Terran
  • Spawn Location: 1:00

Ynnele

  • Race: Protoss Protoss
  • League: Diamond
  • Spawn Location: 5:00

Spunks

  • Race: Terran Terran
  • League: Platinum
  • Spawn Location: 6:00

NacesV

  • Race: Terran Terran
  • Spawn Location: 7:00

roger

  • Race: Protoss Protoss
  • League: Silver
  • Spawn Location: 6:00

VOD

Have the link to the VOD?

Description

Time

  • Played on: Dec. 9, 2016, 7:44 p.m.
  • Length: 18:58
Show
View Real Time Build Order
Export as new Build Order

ioz Terran 

Build Orders:  

Get SALT Encoding   

  12  0:02  SCV  
  13  0:14  SCV  
  14  0:26  SCV, Supply Depot  
  15  0:41  Refinery  
  15  0:47  SCV  
  16  0:59  Barracks  
  16  1:01  SCV  
  17  1:11  Refinery  
  17  1:13  SCV  
  18  1:25  SCV  
  19  1:37  SCV  
  20  1:50  Marine, Bunker  
  20  1:52  Orbital Command  
  21  1:58  Supply Depot  
  21  2:15  Factory  
  21  2:23  Supply Depot  
  21  2:24  SCV  
  22  2:32  Marine  
  22  2:36  SCV  
  24  2:49  Marine  
  25  2:52  SCV  
  26  3:00  Factory Tech Lab  
  26  3:04  Starport  
  26  3:05  SCV  
  27  3:07  Marine  
  28  3:17  SCV  
  28  3:19  Siege Tank  
  32  3:25  Marine  
  33  3:29  SCV  
  34  3:41  SCV  
  35  3:42  Supply Depot  
  35  3:43  Marine, Starport Reactor  
  36  3:53  Siege Tank  
  39  4:03  Marine  
  39  4:04  SCV, Supply Depot  
  41  4:16  SCV  
  42  4:21  Marine, Medivac  
  42  4:22  Medivac  
  47  4:26  Siege Tank  
  47  4:27  Supply Depot  
  50  4:31  SCV  
  51  4:39  Marine  
  51  4:41  Liberator x2  
  51  4:43  SCV  
  53  4:49  Supply Depot  
  53  4:54  Engineering Bay  
  53  4:57  Marine  
  61  5:14  SCV  
  61  5:15  Marine  
  62  5:27  Missile Turret  
  62  5:29  Missile Turret  
  62  5:31  Command Center  
  62  5:32  Marine  
  63  5:43  SCV  
  63  5:49  Supply Depot  
  64  5:52  Siege Tank  
  64  5:55  SCV  
  68  6:38  Liberator x2  
  57  8:00  Liberator x2  
  60  8:31  Command Center  
  60  8:33  Orbital Command  
  60  8:52  Starport  
  60  8:53  Factory  
  60  8:58  Barracks  
  60  9:01  SCV  
  61  9:09  Barracks  
  61  9:13  SCV, Liberator x2  
  61  9:14  Barracks x2, Refinery  
  61  9:15  Barracks  
  61  9:16  Supply Depot  
  62  9:18  Refinery  
  62  9:20  Supply Depot  
  62  9:25  SCV  
  69  9:38  SCV  
  70  9:50  SCV  
  71  10:03  Siege Tank  
  71  10:06  Factory Tech Lab  
  74  10:08  Barracks Tech Lab  
  74  10:09  Barracks Tech Lab  
  74  10:10  Barracks Reactor x3  
  76  10:24  Armory  
  76  10:28  Armory  
  76  10:33  Engineering Bay  
  74  10:47  Refinery x2  
  74  10:54  Orbital Command  
  70  11:27  Refinery  
  70  11:28  Combat Shields  
  70  11:29  Stimpack  
  70  11:39  Siege Tank x2  
  76  11:45  Starport Reactor  
  76  11:46  Building Armor  
  76  11:48  Terran Infantry Weapons Level 1  
  76  11:50  Terran Vehicle Weapons Level 1  
  76  11:51  Terran Vehicle And Ship Armor Level 1  
  76  11:56  Barracks Reactor  
  76  11:57  SCV  
  77  12:05  Command Center  
  77  12:07  Command Center  
  77  12:09  SCV  
  77  12:11  Command Center  
  78  12:18  Command Center  
  78  13:05  Marine x8, Marauder x2  
  86  13:19  Medivac x2  
  82  13:20  Medivac x2  
  82  13:22  Marine  
  82  13:23  Marine x7, Command Center  
  82  13:26  Marauder x2  
  98  13:33  Concussive Shells  
  98  13:40  Marine x4  
  98  13:41  Marine x3  
  103  13:44  Marine  
  103  13:48  Marauder x2  
  109  13:54  Medivac  
  109  13:55  Medivac x2  
  115  13:58  Marine x5  
  115  13:59  Marine x2  
  115  14:02  Marine  
  123  14:09  Marauder x2  
  127  14:16  Marine x7  
  134  14:19  Marine  
  134  14:20  Supply Depot  
  134  14:21  Supply Depot  
  135  14:25  Orbital Command x3  
  135  14:31  Marauder x2  
  139  14:32  Medivac x4  
  139  14:34  Marine x7  
  139  14:36  Terran Infantry Weapons Level 2  
  139  14:37  Marine, Terran Infantry Armor Level 1  
  139  14:38  Terran Vehicle Weapons Level 2, Terran Vehicle And Ship Armor Level 2  
  155  14:52  Marine x7, Marauder x2  
  166  14:55  Marine  
  167  15:02  Siege Tank x2  
  173  15:09  Marine x3  
  173  15:10  Marine x4  
  159  15:44  Marauder  
  159  15:45  Marauder  
  111  15:50  Marine x7  
  111  15:56  Marine  
  70  16:06  Marauder x2  
  70  16:07  Marine  
  70  16:08  Marine x6  
  73  16:13  Marine  
  73  16:15  Siege Tank  
  73  16:16  Siege Tank  
  80  16:25  Marine x3  
  80  16:26  Marine x4, Viking x4  
  80  16:27  Marauder  
  80  16:28  Marauder  
  80  16:31  Marine  
  94  16:43  Marine x4  
  94  16:44  Marine x3  
  101  16:49  Marauder x2, Marine  
  106  16:59  Medivac x3  
  106  17:00  Medivac  
  106  17:01  Marine x6  
  114  17:02  Marine  
  114  17:07  Marine  
  88  17:10  Marauder x2  
  64  17:19  Marine x5  
  69  17:29  Medivac  
  46  18:17  Planetary Fortress  
Show
View Real Time Build Order
Export as new Build Order

Amix Zerg 

Build Orders: 3 Hatch before Pool, Muta Ling Bane 

Get SALT Encoding   

  12  0:05  Drone  
  13  0:08  Drone  
  14  0:25  Extractor  
  14  0:26  Drone  
  15  0:40  Overlord  
  15  0:51  Drone, Extractor x2  
  16  1:00  Drone x2  
  18  1:19  Hatchery  
  18  1:25  Hatchery  
  16  1:27  Drone  
  16  1:28  Drone  
  18  1:33  Extractor  
  17  1:58  Drone x3, Spawning Pool  
  19  2:15  Drone  
  20  2:20  Drone  
  21  2:31  Drone  
  21  2:32  Drone  
  23  2:41  Drone  
  23  2:42  Drone x2  
  23  2:43  Evolution Chamber  
  25  2:48  Queen  
  25  2:49  Queen  
  29  2:56  Queen  
  31  3:05  Drone x3  
  34  3:08  Overlord  
  34  3:21  Drone, Extractor  
  34  3:22  Drone, Extractor  
  34  3:26  Drone  
  34  3:27  Drone x4  
  41  3:36  Zergling x2  
  41  3:39  Zerg Melee Weapons Level 1  
  41  3:40  Metabolic Boost  
  42  3:44  Overlord  
  42  3:57  Drone, Extractor  
  42  3:58  Extractor  
  42  4:02  Drone x8, Extractor x2  
  48  4:05  Drone  
  48  4:07  Drone  
  48  4:08  Drone  
  50  4:23  Overlord x4  
  51  4:36  Evolution Chamber  
  50  4:53  Lair  
  50  4:58  Drone x4  
  50  4:59  Drone x6  
  61  5:00  Drone x6  
  66  5:12  Zergling x4  
  66  5:13  Zergling x4  
  70  5:26  Extractor  
  69  5:31  Zerg Ground Armor Level 1  
  69  5:41  Zergling x10  
  69  5:42  Zergling x10  
  79  5:44  Queen  
  81  6:02  Spire, Queen  
  81  6:04  Spire  
  81  6:06  Drone  
  81  6:07  Extractor  
  81  6:09  Overlord x3  
  81  6:10  Overlord x2  
  81  6:12  Zerg Melee Weapons Level 2  
  81  6:19  Drone  
  81  6:21  Overlord x3  
  82  6:27  Queen  
  84  6:37  Zergling x12  
  84  6:38  Zergling x12  
  96  6:44  Baneling Nest, Drone  
  96  6:48  Drone x4  
  96  6:51  Drone  
  96  6:52  Drone  
  102  6:58  Zergling x2  
  103  7:08  Infestation Pit  
  103  7:15  Mutalisk x6  
  104  7:16  Mutalisk x2  
  104  7:22  Zergling x4  
  120  7:23  Zergling x6  
  123  7:40  Zerg Ground Armor Level 2  
  123  7:42  Zerg Flyer Weapons Level 1  
  123  7:43  Zerg Flyer Armor Level 1  
  123  7:45  Centrifical Hooks  
  123  7:49  Mutalisk  
  125  8:01  Hive  
  125  8:37  Mutalisk x2  
  125  8:38  Mutalisk x3  
  135  8:48  Neural Parasite  
  135  8:53  Zergling x16  
  135  8:54  Zergling x6  
  146  8:56  Overlord x7  
  146  8:57  Overlord x2  
  146  9:00  Pneumatized Carapace  
  146  9:18  Mutalisk x3  
  152  9:46  Mutalisk x4  
  160  9:59  Corruptor  
  162  10:12  Baneling x6  
  162  10:13  Baneling x4  
  162  10:32  Baneling x4  
  162  10:33  Baneling x7  
  162  11:18  Mutalisk x6  
  172  12:10  Mutalisk x5  
  172  12:11  Mutalisk x2  
  174  13:38  Baneling x8  
  174  13:39  Baneling x9  
  174  13:40  Baneling x8  
  134  14:06  Zergling x20  
  134  14:07  Zergling x44  
  166  14:28  Mutalisk x3  
  166  14:29  Mutalisk x3  
  143  14:54  Baneling x2  
  143  15:00  Baneling x6  
  143  15:01  Baneling x24  
  143  15:02  Baneling x21  
  143  15:03  Baneling x11  
  89  16:10  Zergling x14  
  89  16:11  Zergling x4  
  80  16:53  Baneling  
  80  16:55  Baneling  
  80  16:56  Baneling x16  
  80  16:59  Corruptor x6  
  80  17:00  Corruptor x3  
  98  17:05  Greater Spire  
  67  17:38  Corruptor  
  67  17:39  Corruptor x8  
  85  18:01  Corruptor  
  85  18:02  Corruptor x3  
  70  18:28  Brood Lord  
Show
View Real Time Build Order
Export as new Build Order

KatDrop Terran 

Build Orders:  

Get SALT Encoding   

  12  0:01  SCV  
  13  0:13  SCV  
  14  0:18  Supply Depot  
  14  0:26  SCV  
  15  0:40  SCV  
  15  0:42  Barracks  
  16  0:52  SCV  
  16  0:55  Refinery  
  17  1:05  SCV  
  17  1:08  Barracks  
  18  1:13  Supply Depot  
  18  1:31  Marine  
  19  1:41  Refinery  
  19  1:42  Orbital Command  
  19  1:49  Marine  
  20  1:56  Marine  
  21  2:07  Marine  
  21  2:08  SCV  
  23  2:20  SCV  
  24  2:29  Supply Depot x2  
  24  2:32  SCV  
  26  2:44  SCV  
  26  3:09  Ghost Academy, Command Center  
  26  3:10  Ghost Academy  
  26  3:15  Barracks Tech Lab  
  26  3:16  Barracks Tech Lab  
  26  3:40  Factory  
  26  3:41  Personal Cloaking  
  26  4:01  Combat Shields  
  26  4:13  Bunker  
  26  4:15  Engineering Bay  
  26  4:27  Orbital Command  
  26  4:33  Nuke  
  28  4:42  Marine  
  28  4:43  Marine  
  28  4:46  Neosteel Frame  
  28  5:00  Ghost  
  28  5:01  Ghost  
  32  5:07  Nuke  
  32  6:10  Building Armor  
  32  7:01  Nuke  
  32  7:03  Nuke  
  32  7:28  Ghost Academy  
  32  7:30  Ghost Academy  
  32  7:31  Ghost x2  
  32  8:01  Ghost x2  
  36  8:26  Nuke  
  36  8:27  Nuke  
  36  9:48  Nuke  
  36  9:49  Nuke  
  36  11:44  Nuke  
    14:38  Orbital Command  
    14:46  Orbital Command  
Show
View Real Time Build Order
Export as new Build Order

FUZI Terran 

Build Orders: Reaper Expand, MMM Bio 

Get SALT Encoding   

  12  0:01  SCV  
  14  0:14  SCV  
  14  0:22  Supply Depot  
  14  0:26  SCV  
  15  0:33  Refinery  
  15  0:44  SCV  
  16  0:51  Barracks  
  16  0:56  SCV  
  17  1:26  Command Center  
  17  1:30  SCV  
  18  1:39  Reaper  
  19  1:47  Orbital Command  
  19  2:23  SCV  
  19  2:25  Barracks Tech Lab  
  19  2:26  Command Center  
  20  2:35  SCV  
  21  2:56  SCV  
  26  2:58  Orbital Command  
  22  3:00  Stimpack  
  22  3:01  Marine  
  23  3:06  Barracks  
  23  3:10  Barracks  
  22  3:35  Marine  
  22  3:38  SCV  
  22  3:39  SCV  
  25  3:42  Refinery  
  25  3:43  Orbital Command  
  25  3:48  Engineering Bay  
  25  3:54  Refinery, SCV x2  
  27  3:57  Refinery  
  27  3:59  Barracks Reactor  
  27  4:00  Barracks Reactor  
  27  4:06  SCV x2  
  27  4:09  SCV  
  30  4:16  Refinery  
  30  4:20  Missile Turret  
  31  4:24  SCV  
  31  4:25  Marine  
  31  4:28  Terran Infantry Weapons Level 1  
  31  4:31  SCV x2, Missile Turret  
  34  4:43  SCV  
  34  4:44  SCV x2  
  37  4:48  Marine x3  
  37  4:49  Marine x2  
  42  4:55  SCV, Supply Depot  
  42  4:56  SCV  
  42  4:58  Supply Depot  
  44  5:00  Supply Depot  
  44  5:03  SCV  
  44  5:06  Marine, Combat Shields  
  46  5:07  Marine  
  46  5:09  Marine  
  46  5:12  Marine  
  46  5:13  Marine  
  50  5:15  SCV  
  50  5:17  SCV  
  50  5:20  SCV  
  53  5:27  SCV  
  54  5:29  SCV  
  54  5:31  Supply Depot  
  54  5:32  Marine x2  
  57  5:43  Marine  
  57  5:44  Marine x2  
  57  5:49  Marine x2  
  60  5:52  Factory  
  60  5:53  Supply Depot  
  60  5:55  Supply Depot  
  60  5:57  SCV x2, Engineering Bay  
  63  5:59  SCV  
  65  6:09  SCV x2  
  67  6:12  Marine x4  
  67  6:13  Marine  
  67  6:16  SCV  
  73  6:21  SCV  
  73  6:24  Terran Infantry Armor Level 1  
  73  6:25  Concussive Shells  
  74  6:30  Marine  
  74  6:31  Marine x3  
  74  6:32  Marine  
  79  6:35  SCV x2  
  79  6:37  Starport  
  79  6:38  Factory Reactor  
  81  6:43  SCV  
  82  6:47  SCV  
  82  6:48  Marine  
  82  6:49  Marine x4  
  88  6:54  Supply Depot  
  88  6:55  Supply Depot  
  88  6:59  Supply Depot  
  88  7:00  SCV x2, Supply Depot  
  91  7:01  SCV  
  91  7:05  Marine  
  92  7:12  SCV, Armory  
  93  7:20  Marine x4  
  93  7:22  Factory Tech Lab, Medivac x2, Supply Depot  
  101  7:23  Marine  
  101  7:24  SCV  
  103  7:31  SCV x2  
  105  7:38  Marine x2  
  105  7:40  Marine x2  
  105  7:41  Marine, Supply Depot, Siege Tank  
  105  7:43  SCV x2  
  115  7:44  Supply Depot  
  115  7:45  Supply Depot  
  115  7:52  Medivac  
  115  7:53  Medivac  
  115  7:55  Marine  
  115  7:56  Marine  
  115  7:57  SCV x3  
  115  7:58  Marine  
  125  8:06  Marine x2  
  125  8:09  SCV x2  
  129  8:13  Marine x2  
  129  8:15  Terran Infantry Weapons Level 2  
  129  8:16  Marine  
  132  8:22  Medivac  
  134  8:34  Marine  
  134  8:35  Marine x4  
  134  8:36  Siege Tank  
  142  8:53  Marauder  
  135  8:58  Marine x3  
  135  8:59  Marine  
  131  9:14  Marine  
  131  9:16  Marine x2  
  134  9:17  Terran Infantry Armor Level 2  
  134  9:19  Marine x2  
  134  9:20  Siege Tank  
  134  9:21  Medivac x2  
  134  9:22  Barracks  
  134  9:24  Barracks, Starport  
  143  9:26  Starport  
  143  9:32  Marine, Terran Ship Weapons Level 1  
  143  9:34  Marine x2  
  146  9:40  SCV x2, Armory  
  146  9:41  SCV, Supply Depot  
  146  9:43  Supply Depot x2  
  149  9:46  Supply Depot  
  149  9:47  Refinery  
  149  9:49  Supply Depot  
  149  9:50  Marauder  
  151  9:54  Command Center  
  151  10:06  Starport Reactor x2  
  151  10:07  Viking x2  
  153  10:09  Thor  
  153  10:11  Marine x2, SCV x3  
  153  10:12  Marine x2, Marauder, Barracks Reactor, Missile Turret  
  153  10:13  Barracks Reactor  
  170  10:15  Missile Turret  
  170  10:16  Missile Turret x2  
  170  10:20  Missile Turret  
  170  10:23  SCV  
  171  10:29  Marine x3  
  171  10:30  Marine  
  171  10:33  Marine  
  171  10:34  Missile Turret  
  176  10:37  Viking  
  176  10:38  Missile Turret  
  176  10:40  Viking  
  180  10:44  Terran Infantry Weapons Level 3  
  180  10:47  Marine x4  
  184  10:51  Marauder, Marine  
  184  10:52  Marine x3  
  190  11:02  Viking  
  190  11:03  Viking x3  
  198  11:05  Marine x2  
  200  11:15  Orbital Command  
  189  11:35  Marine x5  
  189  11:36  Marine x3, Marauder  
  189  11:37  Viking x4  
  182  11:53  Marine x4  
  181  11:58  Marauder  
  154  12:16  Marine x5  
  154  12:17  Marine x3  
  154  12:19  Marauder  
  136  12:34  Marine x3  
  66  14:36  Barracks  
  66  14:39  Barracks  
  66  15:03  Refinery  
  66  15:05  Refinery  
  66  15:44  Factory x2  
  66  16:29  Factory, Factory Tech Lab x2  
  66  16:31  Factory  
  66  16:38  Armory  
  66  16:41  Armory  
  66  17:15  Factory Tech Lab  
  66  17:16  Factory Tech Lab  
  66  17:17  Factory  
  66  17:18  Factory  
  66  17:27  Thor x2  
  78  17:34  Thor  
  78  17:35  Thor  
  90  18:14  Thor  
  90  18:15  Factory Tech Lab  
  102  18:24  Factory Tech Lab  
Show
View Real Time Build Order
Export as new Build Order

Ynnele Protoss 

Build Orders: 1 Gate Expand, Blink Stalkers 

Get SALT Encoding   

  12  0:01  Probe (Chrono Boost)  
  13  0:11  Probe (Chrono Boost)  
  14  0:19  Pylon  
  14  0:22  Probe (Chrono Boost)  
  15  0:38  Probe (Chrono Boost)  
  15  0:39  Gateway  
  16  0:47  Assimilator  
  16  0:48  Probe (Chrono Boost)  
  17  0:59  Probe (Chrono Boost)  
  18  1:09  Probe (Chrono Boost)  
  19  1:27  Cybernetics Core  
  19  1:34  Nexus  
  19  1:42  Pylon  
  19  1:43  Probe (Chrono Boost)  
  20  1:49  Assimilator  
  21  1:54  Probe (Chrono Boost)  
  21  2:05  Warp Gate, Probe (Chrono Boost)  
  22  2:10  Stalker  
  25  2:22  Mothership Core (Chrono Boost)  
  26  2:30  Pylon  
  26  2:40  Stalker  
  26  2:43  Probe (Chrono Boost)  
  29  2:50  Twilight Council  
  29  2:56  Probe x2 (Chrono Boost)  
  31  3:06  Probe (Chrono Boost)  
  31  3:07  Probe (Chrono Boost)  
  33  3:15  Stalker  
  33  3:17  Probe x2 (Chrono Boost)  
  37  3:28  Probe x2 (Chrono Boost), Blink  
  39  3:38  Probe x2 (Chrono Boost)  
  41  3:48  Pylon  
  41  3:49  Probe x2 (Chrono Boost)  
  43  3:59  Probe x2 (Chrono Boost)  
  45  4:04  Gateway  
  45  4:05  Gateway  
  45  4:06  Gateway  
  47  4:10  Probe x2 (Chrono Boost)  
  47  4:17  Forge  
  47  4:20  Probe x2 (Chrono Boost)  
  49  4:24  Assimilator  
  49  4:26  Assimilator  
  49  4:31  Probe x2 (Chrono Boost)  
  51  4:40  Gateway  
  51  4:43  Probe x2 (Chrono Boost)  
  53  4:52  Nexus  
  53  5:04  Protoss Ground Weapons Level 1  
  53  5:11  Stargate  
  53  5:14  Stargate  
  53  5:16  Probe x2 (Chrono Boost), Pylon  
  55  5:27  Probe x2 (Chrono Boost)  
  57  5:33  Pylon  
  57  5:37  Probe x2 (Chrono Boost)  
  59  5:48  Photon Cannon x2, Probe x2 (Chrono Boost)  
  61  5:52  Pylon  
  61  5:55  Fleet Beacon  
  61  5:58  Probe x2 (Chrono Boost)  
  61  6:00  Robotics Facility  
  63  6:09  Probe (Chrono Boost)  
  64  6:22  Stalker x3  
  64  6:23  Stalker  
  72  6:28  Probe (Chrono Boost)  
  72  6:29  Probe x2 (Chrono Boost)  
  72  6:31  Assimilator  
  75  6:34  Assimilator, Pylon  
  75  6:39  Probe x3 (Chrono Boost)  
  78  6:49  Probe (Chrono Boost), Observer  
  78  6:50  Probe (Chrono Boost)  
  78  6:51  Carrier x2  
  78  6:53  Protoss Air Weapons Level 1  
  93  6:57  Stalker x4  
  101  7:03  Photon Cannon  
  101  7:05  Probe (Chrono Boost)  
  101  7:06  Probe (Chrono Boost)  
  103  7:11  Pylon  
  103  7:12  Pylon  
  103  7:14  Pylon  
  103  7:15  Observer  
  104  7:35  Protoss Ground Weapons Level 2  
  104  7:54  Nexus  
  104  7:55  Graviton Catapult  
  104  7:57  Pylon  
  104  8:10  Stalker x3  
  104  8:11  Stalker, Stargate  
  107  8:34  Carrier (Chrono Boost)  
  107  8:35  Carrier (Chrono Boost)  
  107  8:40  Stalker  
  107  8:41  Stalker x3  
  127  8:46  Robotics Bay  
  131  9:07  Pylon  
  131  9:08  Carrier (Chrono Boost)  
  131  9:10  Pylon  
  131  9:11  Pylon  
  131  9:12  Pylon  
  131  9:15  Pylon  
  131  9:24  Observer  
  132  9:37  Stalker x4  
  140  9:39  Nexus  
  140  9:42  Pylon  
  140  9:43  Pylon  
  140  9:44  Colossus  
  146  9:45  Pylon  
  146  9:51  Carrier x2 (Chrono Boost)  
  158  10:11  Pylon  
  158  10:13  Pylon  
  158  10:15  Probe  
  158  10:16  Probe x2  
  167  10:21  Stalker x3  
  167  10:22  Stalker  
  167  10:25  Probe  
  167  10:28  Extended Thermal Lance, Probe x2  
  177  10:33  Carrier (Chrono Boost)  
  178  10:38  Colossus  
  184  10:55  Stalker x4  
  192  11:00  Assimilator, Probe  
  192  11:01  Probe x2  
  192  11:04  Assimilator  
  195  12:00  Protoss Ground Weapons Level 3  
  189  12:05  Stalker  
  189  12:06  Stalker x3  
  183  12:23  Protoss Air Weapons Level 2  
  183  12:25  Colossus  
  186  12:31  Gateway  
  186  12:34  Gateway  
  170  12:37  Gateway  
  170  12:39  Gateway  
  170  12:41  Pylon  
  170  12:43  Stalker x2, Pylon  
  129  13:05  Gateway  
  129  13:06  Gateway  
  129  13:09  Gateway  
  129  13:11  Gateway  
  126  13:31  Gateway  
  126  13:32  Pylon  
  126  13:33  Gateway  
  126  13:34  Gateway, Probe  
  126  13:35  Pylon  
  126  13:36  Gateway  
  126  13:37  Pylon  
  126  13:38  Carrier (Chrono Boost), Stargate  
  126  13:39  Stargate  
  127  13:42  Carrier (Chrono Boost)  
  127  13:46  Probe  
  128  13:50  Stalker x6  
  96  13:58  Probe  
  87  14:10  Probe  
  87  14:14  Stalker, Carrier (Chrono Boost)  
  87  14:15  Stalker x6  
  102  14:18  Colossus  
  102  14:22  Probe  
  121  14:34  Pylon  
  121  14:35  Pylon  
  121  14:36  Stalker x5  
  121  14:37  Stalker x4  
  139  14:39  Carrier x2 (Chrono Boost)  
  139  14:41  Probe  
  140  14:49  Probe  
  141  14:53  Probe  
  141  14:55  Protoss Air Weapons Level 3  
  142  15:01  Carrier (Chrono Boost)  
  142  15:05  Probe  
  142  15:06  Carrier (Chrono Boost)  
  155  15:17  Probe  
  156  15:27  Colossus  
  162  15:32  Protoss Ground Armor Level 1  
  152  15:47  Stalker x4  
  152  15:48  Stalker x5  
  152  15:49  Stalker x2  
  152  16:12  Carrier (Chrono Boost)  
  152  16:29  Nexus  
  152  16:31  Pylon  
  152  16:32  Pylon  
  152  16:39  Stalker  
  154  16:40  Stalker x7  
  154  16:41  Stalker  
  176  17:00  Carrier (Chrono Boost)  
  176  17:01  Colossus  
  172  17:20  Carrier x2 (Chrono Boost)  
  184  17:26  Probe x2  
  184  17:27  Probe x2  
  188  17:36  Probe  
  188  17:39  Probe x2  
  191  17:58  Nexus  
  197  18:44  Assimilator  
  197  18:46  Assimilator  
  197  18:48  Pylon  
  197  18:50  Pylon  
  197  18:57  Stalker  
Show
View Real Time Build Order
Export as new Build Order

Spunks Terran 

Build Orders:  

Get SALT Encoding   

  12  0:45  SCV  
  13  0:57  SCV  
  13  0:59  Command Center  
  14  1:09  SCV  
  15  1:30  Command Center  
  15  1:34  Supply Depot  
  15  1:55  SCV  
  16  2:07  SCV  
  17  2:12  SCV  
  18  2:20  SCV  
  19  2:24  SCV  
  19  2:27  Refinery  
  20  2:30  Refinery  
  20  2:32  SCV  
  20  2:36  SCV  
  22  2:42  SCV  
  22  2:44  SCV  
  24  2:48  SCV  
  25  2:54  SCV  
  26  2:58  SCV  
  26  3:00  SCV  
  28  3:06  SCV  
  28  3:10  SCV  
  30  3:13  SCV  
  30  3:18  SCV  
  32  3:22  SCV  
  32  3:25  SCV  
  33  3:31  SCV  
  34  3:35  SCV  
  34  3:36  Refinery x2  
  34  3:37  SCV  
  36  3:43  SCV  
  36  3:47  SCV  
  38  3:49  SCV  
  38  3:52  Refinery  
  38  3:54  Refinery  
  38  3:55  SCV  
  40  4:01  SCV  
  41  4:07  SCV  
  43  4:10  SCV  
  43  4:13  SCV  
  44  4:19  SCV  
  44  4:21  Barracks  
  44  4:22  Barracks, SCV  
  46  4:25  Barracks, SCV  
  46  4:26  Barracks  
  47  4:31  SCV  
  47  4:34  SCV  
  47  4:37  SCV  
  50  4:43  SCV  
  51  4:46  SCV  
  52  4:55  SCV, Supply Depot  
  52  4:56  Supply Depot x2  
  52  4:57  Supply Depot  
  53  5:15  Barracks Reactor, Barracks Tech Lab  
  53  5:16  Barracks Tech Lab x2  
  53  5:17  SCV x3  
  56  5:29  SCV x3  
  56  5:31  Factory x2  
  56  5:32  Factory  
  59  5:41  SCV  
  61  5:42  SCV  
  61  5:45  SCV  
  62  5:53  SCV, Engineering Bay x2  
  63  6:05  SCV  
  63  6:07  Ghost Academy  
  64  6:17  Marauder x2, SCV  
  64  6:18  Marauder, Marine x2  
  71  6:21  Factory Reactor  
  71  6:22  Factory Tech Lab x2  
  73  6:29  SCV  
  74  6:36  Marine x2  
  74  6:37  Ghost Academy  
  74  6:39  Marauder x3  
  82  6:54  Marine x2  
  82  6:57  Orbital Command  
  82  6:58  Orbital Command  
  82  7:00  Terran Infantry Armor Level 1, Terran Infantry Weapons Level 1  
  84  7:02  Orbital Command  
  84  7:08  Ghost Academy  
  84  7:10  Concussive Shells, Stimpack, Combat Shields  
  84  7:12  Marine  
  85  7:20  Supply Depot  
  85  7:21  Supply Depot  
  85  7:22  Supply Depot  
  85  7:25  Supply Depot x3  
  85  7:36  Hellion  
  85  7:37  Marine  
  85  7:42  Marauder x2, Hellion x2  
  85  7:43  Marauder, Hellion  
  85  8:03  Marauder x2  
  85  8:04  Marauder  
  88  8:23  Armory  
  88  8:25  Armory x2  
  88  8:49  Nuke x3  
  88  8:52  Infernal Pre-Igniter  
  88  9:12  Supply Depot  
  88  9:13  Supply Depot, Starport  
  88  9:15  Supply Depot  
  88  9:17  Starport  
  88  9:18  Starport  
  88  9:19  Marine  
  88  9:20  Marine x4  
  88  9:21  Supply Depot  
  88  9:23  Terran Vehicle Weapons Level 1  
  88  9:24  Terran Ship Weapons Level 1, Terran Vehicle And Ship Armor Level 1  
  93  9:26  Terran Infantry Weapons Level 2, Terran Infantry Armor Level 2  
  72  9:31  Personal Cloaking  
  72  9:36  Supply Depot  
  72  9:37  Marine, Supply Depot  
  72  9:38  Marine x4  
  77  9:41  Supply Depot  
  77  9:45  Supply Depot  
  77  9:55  Marine x5  
  82  10:03  Viking  
  82  10:04  Viking x2  
  88  10:13  Marine x5  
  93  10:20  Thor x2  
  105  10:21  Widow Mine  
  105  10:22  Widow Mine  
  105  10:28  Refinery, SCV  
  110  10:31  Marine x3  
  113  10:39  Fusion Core  
  113  10:40  SCV  
  114  10:52  SCV  
  115  11:00  Starport Reactor, Starport Tech Lab x2  
  93  11:22  Marine  
  93  11:23  Marine x4  
  94  11:27  SCV  
  95  11:33  SCV  
  95  11:39  SCV  
  97  11:40  Marine  
  97  11:41  Marine x4  
  97  11:45  SCV  
  103  11:51  SCV  
  103  11:53  Weapon Refit  
  101  11:55  Terran Vehicle Weapons Level 2, Terran Ship Weapons Level 2, Terran Vehicle And Ship Armor Level 2  
  101  11:57  SCV  
  101  11:58  Marine x3, Terran Infantry Weapons Level 3  
  101  11:59  Marine x2, Terran Infantry Armor Level 3  
  91  12:03  SCV  
  86  12:09  SCV  
  86  12:12  Recalibrated Explosives, Advanced Ballistics  
  88  12:15  SCV  
  88  12:16  Marine x5  
  88  12:21  SCV  
  94  12:33  SCV  
  94  12:34  Marine x3  
  98  12:43  SCV  
  99  12:45  SCV  
  99  12:50  SCV  
  101  12:55  SCV  
  101  12:57  SCV  
  103  13:02  SCV  
  104  13:10  SCV  
  105  13:14  SCV  
  106  13:22  SCV  
  107  13:31  High Capacity Fuel Tanks, Hyperflight Rotors  
  107  13:36  Viking  
  107  13:37  Viking x3  
  115  14:06  SCV  
  115  14:07  SCV  
  117  14:18  SCV, Terran Vehicle Weapons Level 3  
  117  14:20  SCV  
  117  14:22  Terran Vehicle And Ship Armor Level 3  
  119  14:30  SCV  
  120  14:32  Terran Ship Weapons Level 3, SCV  
  120  14:35  Neosteel Frame  
  120  14:36  Hi-Sec Auto Tracking  
  117  14:57  Supply Depot  
  117  15:01  Battlecruiser  
  123  15:10  Battlecruiser  
  129  15:32  Building Armor  
  54  15:54  Marauder x3, Marine  
  54  15:55  Marine  
  62  16:12  Marine x2  
  62  16:16  Marauder x3  
  70  16:30  Marine  
  71  16:33  Starport Reactor, Starport Tech Lab x2  
  71  17:07  Marauder x3, Marine x2  
  79  17:13  Thor x2  
  91  17:17  Cyclone x2  
  97  17:25  Marine x2  
  97  17:28  Marauder x2  
  97  17:29  Marauder  
  105  17:43  Liberator x2, Reaper x2  
  107  17:49  Reaper  
  107  17:50  Reaper x2  
  110  18:00  Raven  
  110  18:01  Banshee  
  121  18:15  Orbital Command, Siege Tank x2  
Show
View Real Time Build Order
Export as new Build Order

NacesV Terran 

Build Orders:  

Get SALT Encoding   

  12  0:01  SCV  
  13  0:13  SCV  
  14  0:25  SCV  
  14  0:27  Supply Depot  
  15  0:49  Barracks, SCV  
  16  1:01  SCV  
  17  1:13  SCV  
  18  1:26  SCV  
  18  1:28  Command Center  
  19  1:39  Refinery, Supply Depot  
  19  1:40  Marine  
  19  1:46  SCV  
  21  1:53  Refinery  
  21  1:58  Marine, SCV  
  23  2:11  Orbital Command  
  23  2:26  Barracks  
  23  2:37  SCV  
  23  2:42  Orbital Command  
  24  2:50  SCV  
  25  3:00  Factory  
  25  3:02  SCV  
  26  3:12  Marine  
  27  3:14  Barracks, SCV  
  27  3:18  SCV  
  29  3:26  SCV  
  30  3:28  Marine  
  30  3:30  Marine, SCV  
  33  3:38  SCV  
  33  3:42  SCV  
  34  3:50  SCV  
  34  3:54  SCV  
  36  4:01  Starport x2  
  36  4:02  Factory Tech Lab  
  36  4:03  Marine x3, SCV  
  36  4:06  Refinery  
  36  4:09  SCV  
  41  4:10  Refinery  
  41  4:19  SCV  
  41  4:21  Marine, SCV  
  44  4:31  SCV  
  44  4:34  Supply Depot  
  44  4:35  Supply Depot  
  45  4:48  Starport Tech Lab  
  45  4:53  Marine, Factory Tech Lab  
  45  4:55  Marine, Banshee  
  45  4:58  SCV  
  45  4:59  SCV  
  52  5:02  Marine  
  53  5:11  Marine, SCV  
  55  5:17  Command Center  
  55  5:23  Engineering Bay  
  55  5:24  SCV x2  
  57  5:28  Marine x2  
  57  5:29  Marine  
  60  5:36  SCV  
  60  5:39  Supply Depot  
  60  5:41  Supply Depot  
  61  5:50  Factory  
  61  5:53  Marine  
  62  6:00  Marine, SCV, Banshee  
  62  6:01  Marine, SCV  
  9  7:58  SCV  
  5  8:03  Orbital Command  
  5  8:10  SCV  
  6  8:22  SCV  
  7  8:28  SCV  
  8  8:34  SCV  
  8  8:40  SCV  
  10  8:46  SCV  
  10  8:47  Command Center  
  10  8:52  SCV  
  10  8:58  SCV  
  11  9:04  SCV  
  11  9:10  SCV  
  11  9:16  SCV  
  10  10:09  SCV  
  10  10:12  SCV  
  12  10:14  Command Center  
  12  10:16  Orbital Command  
  12  10:21  SCV  
  12  10:24  SCV  
  14  10:33  SCV  
  15  10:37  SCV  
  16  10:43  SCV  
  16  10:45  SCV  
  16  10:49  SCV  
  19  10:55  SCV  
  20  10:58  SCV  
  20  11:01  SCV  
  19  11:07  SCV  
  19  11:10  SCV  
  17  11:22  SCV  
  5  13:01  Orbital Command  
  5  13:20  SCV  
  5  13:23  SCV  
  7  13:28  SCV  
  7  13:32  SCV  
  9  13:35  SCV  
  9  13:40  SCV  
  11  13:44  SCV  
  11  13:47  SCV  
  13  13:51  SCV  
  13  13:52  SCV  
  15  13:56  SCV  
  16  14:04  SCV  
  16  14:08  SCV  
  18  14:16  SCV  
  19  14:28  SCV  
  20  14:39  SCV  
  20  14:40  SCV  
  22  14:51  SCV  
  23  15:03  SCV  
  24  15:15  SCV  
  24  15:20  Refinery x2  
  25  15:24  SCV  
  25  15:27  SCV  
  27  15:28  SCV  
  28  15:36  Refinery, SCV  
  28  15:39  Refinery  
  26  16:10  SCV  
  24  16:22  SCV  
  25  16:42  SCV  
  25  16:44  SCV  
  25  16:47  SCV  
  28  16:54  SCV  
  28  16:56  SCV  
  28  16:59  SCV  
  31  17:06  SCV  
  32  17:35  SCV  
  33  17:39  SCV  
  34  17:47  SCV  
  36  17:51  SCV  
  36  18:03  SCV  
Show
View Real Time Build Order
Export as new Build Order

roger Protoss 

Build Orders:  

Get SALT Encoding   

  12  0:01  Probe (Chrono Boost)  
  13  0:12  Probe (Chrono Boost)  
  14  0:22  Probe (Chrono Boost)  
  15  0:39  Pylon  
  16  0:57  Probe (Chrono Boost)  
  16  1:07  Probe (Chrono Boost)  
  17  1:18  Probe (Chrono Boost)  
  18  1:24  Nexus, Pylon  
  18  1:29  Probe (Chrono Boost)  
  20  1:40  Probe (Chrono Boost)  
  20  1:50  Probe (Chrono Boost)  
  21  2:01  Nexus  
  21  2:13  Gateway  
  21  2:15  Assimilator  
  21  2:20  Gateway  
  21  2:24  Probe (Chrono Boost)  
  22  2:34  Probe (Chrono Boost), Pylon  
  23  2:44  Probe (Chrono Boost)  
  24  2:45  Probe (Chrono Boost)  
  25  2:54  Probe (Chrono Boost)  
  25  2:56  Gateway  
  26  3:00  Pylon  
  26  3:10  Probe x2 (Chrono Boost), Cybernetics Core  
  28  3:20  Probe (Chrono Boost)  
  28  3:24  Gateway  
  30  3:27  Probe x2 (Chrono Boost)  
  30  3:31  Pylon  
  31  3:36  Gateway  
  31  3:40  Probe (Chrono Boost)  
  33  3:41  Probe (Chrono Boost)  
  33  3:43  Probe (Chrono Boost)  
  34  3:53  Probe (Chrono Boost)  
  34  3:54  Probe x2 (Chrono Boost)  
  37  3:58  Stalker (Chrono Boost)  
  37  4:00  Warp Gate (Chrono Boost)  
  39  4:04  Probe (Chrono Boost)  
  39  4:07  Probe x2 (Chrono Boost)  
  42  4:12  Assimilator  
  42  4:13  Stalker (Chrono Boost)  
  44  4:23  Stalker (Chrono Boost)  
  48  4:24  Stalker (Chrono Boost), Probe  
  48  4:25  Probe  
  48  4:26  Probe  
  51  4:36  Probe  
  51  4:37  Probe  
  51  4:38  Probe  
  53  4:39  Pylon  
  54  4:48  Probe  
  54  4:49  Probe  
  54  4:50  Probe, Pylon x2  
  57  4:53  Pylon  
  57  4:57  Stalker  
  57  4:59  Probe  
  57  5:00  Probe  
  57  5:01  Stalker  
  57  5:02  Probe  
  64  5:07  Stalker  
  64  5:10  Probe  
  64  5:11  Assimilator  
  64  5:12  Probe  
  64  5:14  Probe  
  69  5:20  Probe  
  69  5:24  Probe  
  71  5:31  Assimilator  
  71  5:54  Gateway  
  71  5:55  Gateway  
  71  5:57  Twilight Council  
  71  6:01  Gateway  
  71  6:02  Gateway  
  71  6:04  Gateway  
  71  6:07  Gateway  
  71  6:08  Gateway  
  71  6:09  Stalker  
  71  6:10  Stalker x2  
  77  6:23  Probe, Pylon  
  77  6:24  Probe x2  
  80  6:27  Gateway  
  80  6:30  Gateway x2  
  80  6:36  Probe  
  34  7:01  Stalker x4  
  38  7:02  Stalker  
  44  7:15  Robotics Facility  
  44  7:20  Pylon  
  44  7:23  Stalker x2  
  44  7:24  Stalker  
  44  7:25  Stalker x2  
  44  7:26  Stalker x2  
  44  7:27  Probe  
  44  7:28  Probe x2  
  61  7:37  Probe  
  61  7:40  Stalker x2, Probe x2  
  61  7:41  Stalker x3  
  74  7:44  Zealot  
  74  7:46  Zealot  
  74  7:48  Probe  
  79  7:52  Probe x2  
  81  7:58  Stalker, Probe  
  81  7:59  Stalker x2  
  81  8:04  Probe x2  
  90  8:09  Probe  
  91  8:16  Probe x2  
  91  8:19  Probe  
  87  8:27  Zealot x2  
  90  8:28  Zealot, Stalker, Probe x2  
  90  8:29  Stalker  
  100  8:44  Zealot  
  102  8:59  Pylon  
  102  9:00  Pylon  
  102  9:02  Pylon  
  102  9:22  Pylon  
  102  9:25  Pylon  
  102  9:26  Pylon x2  
  102  9:27  Pylon  
  96  9:36  Stalker x2  
  96  9:38  Stalker x3  
  102  9:40  Stalker x2  
  102  9:41  Stalker x2  
  102  9:43  Stalker  
  102  9:44  Stalker x2  
  120  9:57  Probe  
  120  9:58  Probe x2  
  123  10:07  Probe  
  123  10:08  Observer  
  123  10:10  Probe x2  
  127  10:15  Zealot x2  
  127  10:16  Zealot x5  
  127  10:17  Zealot x4  
  149  10:33  Probe  
  149  10:34  Probe x2  
  152  10:38  Zealot x2  
  156  10:45  Pylon  
  156  10:46  Probe, Pylon  
  156  10:48  Pylon  
  156  10:49  Pylon  
  157  10:54  Blink (Chrono Boost)  
  157  11:02  Probe  
  157  11:04  Probe x2  
  160  11:12  Probe  
  160  11:16  Probe x2  
  147  11:50  Stalker  
  147  11:51  Stalker  
  147  11:54  Stalker  
  147  11:55  Stalker x2  
  147  11:56  Stalker x3  
  120  12:30  Stalker  
  120  12:31  Stalker x3  
  120  12:32  Stalker  
  120  12:35  Stalker  
  128  12:41  Charge (Chrono Boost)  
  124  12:53  Stalker x2  
  124  12:54  Stalker x2  
  124  12:55  Zealot x2, Stalker  
  124  12:56  Zealot x2  
  142  12:59  Zealot  
  142  13:16  Zealot x3  
  142  13:17  Zealot x4  
  142  13:18  Zealot  
  142  13:19  Zealot  
  94  14:07  Stalker  
  94  14:09  Stalker  
  98  14:14  Stalker x2  
  98  14:15  Stalker x3  
  98  14:16  Stalker  
  108  14:17  Stalker x2  
  112  14:37  Stalker  
  112  14:38  Stalker x2  
  116  14:39  Stalker  
  120  15:03  Stalker x4  
  120  15:04  Stalker x6  
  140  15:32  Stalker x3  
  140  15:33  Stalker x3  
  140  15:34  Stalker x2  
  156  15:39  Pylon  
  102  16:07  Stalker  
  102  16:08  Stalker x2  
  102  16:09  Stalker x4  
  102  16:10  Stalker x3  
  105  16:47  Stalker  
  105  16:48  Stalker x3  
  105  16:49  Stalker x3  
  105  16:50  Stalker  
  105  16:51  Stalker x2  
  119  17:25  Stalker, Nexus  
  119  17:28  Stalker  
  123  17:30  Stalker  
  123  17:31  Stalker x3  
  123  17:32  Stalker x4  
  139  17:51  Stalker  
  139  17:52  Stalker  
  139  17:54  Stalker  
  139  17:55  Stalker x3  
  139  17:56  Stalker x2  
  139  17:57  Stalker x2  
  159  18:44  Stalker  
  159  18:46  Stalker  
  159  18:48  Stalker x2  
  165  18:49  Stalker x3  
  165  18:50  Stalker x2  
  165  18:51  Stalker  
Tags
 
Add a new tag
Caveats
  • Supply blocks, unpowered buildings, or Contaminate may cause inaccurate times.
  • Supply counts are checked every 10 seconds.